Unix NetHack Version 5.0.0-0 post-release - last build Jul 19 2026 19:10:59 (3aa4ab31751d3886436d94b585a96704892fd477,branch:main).

Game began 2026-07-30 10:27:03, ended 2026-07-30 11:38:45.

ChoHag, neutral female human Healer

                      ---
                      |..
                      -...-
                      .....|         ----
                      -.....      ---|..|---
                       .....     --G.|..|h.#
                         ....  ---......^.`#---- -
                           ..---..--...%G........|
                            -.....||..@hf.h#-- ---
                            --`.`--|`.--.G.|
                             ----- ----|...|
                                       --..|
                                        ----

ChoHag the Rhizotomist       St:10 Dx:8 Co:14 In:11 Wi:16 Ch:16  Neutral S:386
Dlvl:7  $:0  HP:0(13) Pw:1(6) AC:3  Xp:1/17 T:1221 

Latest messages:
 The jackal is killed!
 Joe bites it.
 It misses Joe.
 In what direction? l
 Joe looks better.
 Joe misses the dwarf.
 Joe bites the gnome.
 The gnome misses Joe.
 Joe misses the gnome.
 The dwarf wields a corroded dagger!
 Joe bites the gnome.
 The gnome misses Joe.
 The dwarf turns to flee.
 The gnome turns to flee.
 Joe bites the gnome.
 The gnome hits Joe.
 Joe misses the gnome.
 Joe bites the gnome.
 The gnome is killed!
 Joe grows up into a large cat.
 Joe misses it.
 Joe misses it.
 Joe drops a dart.
 Joe bites it.
 It swings its pick-axe at Joe.
 It hits Joe.
 The dwarf throws a dagger!
 A dagger misses you.
 B - a corroded dagger.
 Something is written here in the dust.
 You read: "Elbcreth".
 You see no objects here.
 What do you want to write with? [- ahklsuvAB or ?*] -
 Do you want to add to the current engraving? [ynq] (y) n
 You wipe out the message that was written in the dust here.
 You write in the dust with your fingertip.
 What do you want to write in the dust here? Elbereth
 Joe misses the dwarf.
 The dwarf swings her pick-axe.
 The dwarf hits!
 What do you want to write with? [- ahklsuvAB or ?*] -
 Do you want to add to the current engraving? [ynq] (y) n
 You wipe out the message that was written in the dust here.
 You write in the dust with your fingertip.
 What do you want to write in the dust here? Elbereth
 Joe bites the jackal.
 The jackal is killed!
 The dwarf swings her pick-axe.
 The dwarf hits!
 You die...

Inventory:
 Weapons  (')')
  a - a +0 scalpel (weapon in left hand)
  k - a +0 bec de corbin
  l - a +0 orcish dagger
  s - a rustproof +0 orcish dagger
  B - a corroded +0 dagger
 Armor    ('[')
  m - an uncursed +0 orcish helm (being worn)
  r - a blessed +1 pair of speed boots (being worn)
  x - a blessed +1 alchemy smock with text "Rat: The other white meat" (being worn)
  y - an uncursed +1 pair of leather gloves (being worn)
 Comestibles  ('%')
  z - an uncursed fortune cookie
 Wands    ('/')
  h - a wand of sleep (0:4)
 Tools    ('(')
  b - an uncursed sack containing 13 items
  c - an uncursed stethoscope
 Gems/Stones  ('*')
  u - an uncursed worthless piece of blue glass
  v - an uncursed worthless piece of yellowish brown glass
  A - an uncursed worthless piece of black glass

Contents of the sack:
  1987 gold pieces
  an uncursed cheese
  5 uncursed apples
  an uncursed food ration
  2 uncursed fortune cookies
  an uncursed tripe ration
  2 uncursed eggs
  a blessed potion of extra healing
  an uncursed potion of extra healing
  a blessed potion of healing
  5 uncursed potions of healing
  a blessed potion of monster detection
  an uncursed worthless piece of black glass

ChoHag the Healer's attributes:

Background:
 You were a Rhizotomist, a level 1 female human Healer.
 You were neutral, on a mission for Hermes
 who was opposed by Athena (lawful) and Poseidon (chaotic).
 You were left-handed.
 You were in the Gnomish Mines, on level 7.
 You entered the dungeon 1221 turns ago.
 There was a full moon in effect when your adventure ended.
 You had 17 experience points, 3 more were needed to attain level 2.
 Your score was 386 before end-of-game adjustments.

Basics:
 You had 0 out of 13 hit points.
 You had 1 out of 6 energy points (spell power).
 Your armor class was 3.
 Your wallet was empty, but
 you had 1987 zorkmids stashed away in your pack.
 Autopickup was on for '$!/?"+=' plus thrown.

Final Characteristics:
 Your strength was 10 (limit:18/100).
 Your dexterity was 8 (limit:18).
 Your constitution was 14 (limit:18).
 Your intelligence was 11 (limit:18).
 Your wisdom was 16 (limit:18).
 Your charisma was 16 (limit:18).

Final Status:
 You weren't hungry.
 You were unencumbered.
 You were wielding a knife.
 You had basic skill with knife.

Final Attributes:
 You were fervently aligned.
 You were poison resistant.
 You were acid resistant.
 Your items were protected from acid.
 You were warded.
 You were very fast.
 You were lucky.
 You are dead.

Miscellaneous:
 You didn't encounter any bones levels.
 Total elapsed playing time was 1 hour, 10 minutes and 52 seconds.

Major events:
 Turn
    1: ChoHag the neutral female human Healer entered the dungeon
  982: entered the Gnomish Mines
 1221: killed by a dwarf

Spells:
 Name                 Level Category     Fail Retention
 healing                1   healing        0%  91%-100%
 extra healing          3   healing       67%  91%-100%
 stone to flesh         3   healing       77%  91%-100%

Skills:
 Fighting Skills
   bare handed combat [Unskilled]
 Weapon Skills
   dagger             [Unskilled]
   knife              [Basic]
   short sword        [Unskilled]
   saber              [Unskilled]
   club               [Unskilled]
   mace               [Unskilled]
   quarterstaff       [Unskilled]
   polearms           [Unskilled]
   spear              [Unskilled]
   trident            [Unskilled]
   sling              [Unskilled]
   dart               [Unskilled]
   shuriken           [Unskilled]
   unicorn horn       [Unskilled]
 Spellcasting Skills
   healing spells     [Basic]

Voluntary challenges:
 Character rerolling was not enabled.
 You never genocided any monsters.
 You never polymorphed an object.
 You never changed form.
 You used no wishes.
Achievements:
 You entered a shop.
 You entered the Gnomish Mines.

 The Dungeons of Doom: levels 1 to 4
    Level 1: "vault 880"
    Level 2: "stash"
       A general store.
    Level 3:
       An altar, a fountain, a sink.
       Stairs down to The Gnomish Mines.
    Level 4:
 The Gnomish Mines: levels 4 to 7
    Level 4:
    Level 7: <- You were here.
       Final resting place for
          you, killed by a dwarf.


Vanquished creatures:
  a gnomish wizard
  a dwarf
  a large kobold
  a green mold
  6 gnomes
  a gnome zombie
  a gecko
  7 jackals
  2 foxes
  2 goblins
  8 grid bugs
  2 lichens
  3 newts
36 creatures vanquished.

No species were genocided or became extinct.

Game over:
                       ----------
                      /          \
                     /    REST    \
                    /      IN      \
                   /     PEACE      \
                  /                  \
                  |      ChoHag      |
                  |     1987 Au      |
                  |   killed by a    |
                  |      dwarf       |
                  |                  |
                  |                  |
                  |       2026       |
                 *|     *  *  *      | *
        _________)/\\_//(\/(/\)/\//\/|_)_______

Goodbye ChoHag the Healer...

You died in The Gnomish Mines on dungeon level 7 with 385 points,
and 1987 pieces of gold, after 1221 moves.
You were level 1 with a maximum of 13 hit points when you died.

